Match 41322854
Unlisted

Match 41322854
End
Kradschützen Motorcycle Team
Panzergrenadier Squad
Panzergrenadier Squad
Selects Panzerjäger Kommand Battlegroup
Selects Blockade Equipment
Construct Light Support Kompanie
Fire Support Elements
MG34 Team
2.5-tonne Medical Truck
Flakvierling Half-track
Panzerjäger Mechanized Group
Selects Tank Busters
Construct Panzerarmee Kommand
Vehicle Survival Package
Veteran Squad Leaders
Tungsten Core Ammunition
Walking Stuka Rocket Launcher
Selects Early Warning
Selects Butterfly Bomb Drop
Butterfly Bomb Drop
Valieriumborn
raven182
SoldMyDad
Jimm-e
[MM] Mircin
LegendaireNic
Blanco
Noch
0
0

Comments sign in to comment!

No comments posted yet!